 Dungeon Crawl Stone Soup version 0.28-a0-1074-g3cb2360906 (webtiles) character file.

Game seed: 7940922349174880424

735 Lavandula the Bolt Thrower (level 7, -1/57 HPs)
             Began as a Naga Arcane Marksman on Dec 9, 2021.
             Slain by a lemure (5 damage)
             ... led by Pikel
             ... on level 5 of the Dungeon.
             The game lasted 00:10:09 (4293 turns).

Lavandula the Bolt Thrower (Naga Arcane Marksman)   Turns: 4293, Time: 00:10:10

Health: -1/57      AC:  3    Str: 14    XL:     7   Next: 74%
Magic:  7/8        EV: 10    Int: 13    God:
Gold:   187        SH:  0    Dex: 12    Spells: 7/8 levels left

rFire   . . .      SeeInvis +   l - +1 dagger (venom)
rCold   . . .      Faith    .   (no shield)
rNeg    . . .      Spirit   .   d - +0 robe
rPois   +          Reflect  .   (no helmet)
rElec   .          Harm     .   (no cloak)
rCorr   .          Rampage  .   (no gloves)
Will    .....                   (no barding)
Stlth   +.........              (no amulet)
HPRegen 0.19/turn               (no ring)
MPRegen 0.11/turn               (no ring)

@: very slow
A: AC +2, large, see invisible, deformed body, poison resistance, slowness 2,
spit poison 1, naga tail 1
a: Spit Poison


You were on level 5 of the Dungeon.
You visited 1 branch of the dungeon, and saw 5 of its levels.

You collected 187 gold pieces.

Inventory:

Hand Weapons
 a - a +0 hand crossbow
 l - a +1 dagger of venom (weapon)
 m - a +1 dagger of speed
Missiles
 c - 53 bolts
 x - 6 boomerangs of dispersal (quivered)
 z - 2 curare-tipped darts
Armour
 d - a +0 robe (worn)
Wands
 r - a wand of paralysis (1)
 y - a wand of digging (3)
Scrolls
 e - 2 scrolls of fear {unknown}
 k - a scroll of summoning {unknown}
 p - 2 scrolls of amnesia {unknown}
 t - a scroll of immolation {unknown}
 u - a scroll of enchant weapon {unknown}
 v - a scroll of noise {unknown}
 w - 2 scrolls of teleportation {unknown}
Potions
 b - 3 potions of brilliance {unknown}
 f - a potion of flight {unknown}
 g - a potion of degeneration {unknown}
 h - 4 potions of heal wounds
 i - a potion of magic {unknown}
 j - a potion of curing {unknown}
 n - a potion of mutation {unknown}
 o - 2 potions of invisibility {unknown}
 q - a potion of cancellation {unknown}
 s - a potion of might
 A - a potion of haste {unknown}


   Skills:
 - Level 1.0 Fighting
 + Level 4.4 Short Blades
 - Level 6.0 Crossbows
 - Level 1.7 Dodging
 - Level 1.0 Spellcasting
 - Level 3.8 Hexes


You had 7 spell levels left.
You knew the following spells:

 Your Spells              Type           Power      Damage    Failure   Level
a - Slow                  Hex            40%        N/A       6%          1

Your spell library contained the following spells:

 Spells                   Type           Power      Damage    Failure   Level
 Magic Dart               Conj           0%         1d3       28%         1
 Inner Flame              Hex/Fire       5%         N/A       36%         3
 Portal Projectile        Hex/Tloc       10%        N/A       36%         3
 Blink                    Tloc           0%         N/A       38%         2
 Searing Ray              Conj           0%         2d4       38%         2
 Cause Fear               Hex            5%         N/A       50%         4
 Lesser Beckoning         Tloc           0%         N/A       63%         3
 Fulminant Prism          Conj/Hex       2%         3d6       77%         4
 Animate Dead             Necr           0%         N/A       95%         4
 Manifold Assault         Tloc           0%         N/A       100%        5
 Haunt                    Necr/Summ      0%         N/A       100%        7
 Infestation              Necr           0%         N/A       100%        8


Dungeon Overview and Level Annotations

Branches:
Dungeon (5/15)
 Temple: D:4-7

Altars:
Hepliaklqana

Shops:
D:1 *

Annotations:
D:5 Pikel


Innate Abilities, Weirdness & Mutations

Your serpentine skin is tough. (AC +2)
You have supernaturally acute eyesight. (SInv)
Armour fits poorly on your strangely shaped body.
Your system is resistant to poisons. (rPois)
You cover ground very slowly.
You can spit poison.
You have a snake-like lower body.


Message History

Confirm with . or Enter, or press ? or * to list all spells.
Aiming: Slow (safe; 6% risk of failure)
Press: ? - help, Shift-Dir - straight line, f/p - lemure
Aim: a lemure (chance to affect: 46%)
The lemure resists with some effort.
Casting: Slow (safe; 6% risk of failure)
Confirm with . or Enter, or press ? or * to list all spells.
Aiming: Slow (safe; 6% risk of failure)
Press: ? - help, Shift-Dir - straight line, f/p - lemure
Aim: a lemure (chance to affect: 46%)
The lemure resists with some effort.
Unknown command.
Casting: Slow (safe; 6% risk of failure)
Confirm with . or Enter, or press ? or * to list all spells.
Aiming: Slow (safe; 6% risk of failure)
Press: ? - help, Shift-Dir - straight line, f/p - lemure
Aim: a lemure (chance to affect: 46%)
The lemure seems to slow down.
Unknown command.
The lemure is no longer moving slowly.
Aiming: Paralyse
Press: ? - help, Shift-Dir - straight line, f/p - lemure
Aim: a lemure (chance to affect: 46%)
The lemure resists with some effort.
The lemure hits you.
* * * LOW HITPOINT WARNING * * *
Aiming: Paralyse
Press: ? - help, Shift-Dir - straight line, f/p - lemure
Aim: a lemure (chance to affect: 46%)
The lemure resists with some effort.
The lemure hits you.
* * * LOW HITPOINT WARNING * * *
Aiming: Paralyse
Press: ? - help, Shift-Dir - straight line, f/p - lemure
Aim: a lemure (chance to affect: 46%)
The lemure resists with some effort.
The lemure hits you.
* * * LOW HITPOINT WARNING * * *
Aiming: Paralyse
Press: ? - help, Shift-Dir - straight line, f/p - lemure
Aim: a lemure (chance to affect: 46%)
The lemure resists with some effort.
The lemure hits you.
You die...

#.# #. #.# #. #.# #.
#.# #. #.# ######.
#Y# #...... #.#
#.#####
#.#############.#<.>.
#.Y5@...........#####
#.#############.# ###
###


You could see a yak and a lemure.

Vanquished Creatures
  Duvessa (D:4)
  A necrophage (D:4)
  An ogre (D:4)
  2 scorpions (D:4)
  Dowan (D:4)
  A jelly (D:4)
  A hound (D:4)
  An iguana (D:5)
  Ijyb (D:3)
  An orc wizard (D:4)
  A hound skeleton (D:5)
  4 adders
  An adder skeleton (D:4)
  3 worms
  A dart slug (D:1)
  6 orcs
  7 bats
  5 endoplasms
  3 giant cockroaches
  16 goblins
  8 hobgoblins
  8 jackals
  3 quokkas
  10 ball pythons
  5 frilled lizards
  4 kobolds
  5 rats
101 creatures vanquished.

Notes
Turn   | Place    | Note
-------+----------+-------------------------------------------
     0 | D:1      | Lavandula the Naga Arcane Marksman began the quest for the
                  | Orb.
     0 | D:1      | Reached XP level 1. HP: 18/18 MP: 2/2
   171 | D:1      | Reached XP level 2. HP: 25/25 MP: 3/3
   204 | D:1      | Reached skill level 2 in Crossbows
   392 | D:1      | Found Uliessei's Assorted Antiques.
   615 | D:1      | Found a faded altar of an unknown god.
   618 | D:1      | Reached XP level 3. HP: 31/31 MP: 4/4
   889 | D:2      | You fall into a shaft and drop 2 floors!
   889 | D:4      | Noticed a scorpion
   893 | D:4      | Killed a scorpion
   894 | D:4      | Reached skill level 3 in Crossbows
   894 | D:4      | Reached XP level 4. HP: 38/38 MP: 5/5
   938 | D:4      | Noticed an ogre
   944 | D:4      | Killed an ogre
   945 | D:4      | Reached skill level 4 in Crossbows
   945 | D:4      | Reached XP level 5. HP: 26/44 MP: 6/6
   981 | D:4      | Reached skill level 5 in Crossbows
   981 | D:4      | Reached XP level 6. HP: 26/51 MP: 7/7
  1111 | D:4      | Noticed a necrophage
  1130 | D:4      | Killed a necrophage
  1445 | D:3      | Found a hazy altar of Hepliaklqana.
  1913 | D:3      | Noticed Ijyb
  1920 | D:3      | Killed Ijyb
  1921 | D:3      | Reached skill level 6 in Crossbows
  2469 | D:2      | Reached skill level 1 in Short Blades
  2508 | D:2      | Reached XP level 7. HP: 57/57 MP: 8/8
  3704 | D:4      | Noticed Dowan
  3704 | D:4      | Noticed Duvessa
  3720 | D:4      | Killed Dowan
  3727 | D:4      | Killed Duvessa
  3907 | D:5      | Entered Level 5 of the Dungeon
  3907 | D:5      | Noticed Pikel
  4177 | D:5      | Noticed a yak
  4177 | D:5      | Noticed a yak
  4178 | D:5      | Noticed a yak
  4195 | D:5      | Noticed a yak
  4228 | D:5      | HP: 2/57 [water moccasin zombie (4)]
  4293 | D:5      | Slain by a lemure

Illustrated notes

Levels and vault maps discovered:
D:1:      dpeg_arrival_three_smaller_balls, layout_basic, serial_shops,
          nicolae_shop_trees, shapermc_ecumenical_altar_mp_ritualfount
D:2:      cheibrodos_greedy_goblins, layout_basic
D:3:      layout_loops_cross, mainiacjoe_overflow_cross_hatched, uniq_ijyb
D:4:      layout_rooms, uniq_duvessa
D:5:      layout_basic, uniq_pikel

Skill      XL: |  1  2  3  4  5  6  7 |
---------------+----------------------+-----
Crossbows      | 2 3 4 5 6 |  6.0
Short Blades   | 1 4 |  4.4
Fighting       | |  1.0
Dodging        | |  1.7
Spellcasting   | |  1.0
Hexes          | |  3.8

Action                   |  1- 3 |  4- 6 |  7- 9 || total
-------------------------+-------+-------+-------++-------
Melee: Whip              |     1 |       |       ||     1
       Dagger            |       |    98 |    56 ||   154
 Fire: Hand crossbow     |    25 |    27 |    28 ||    80
 Cast: Slow              |       |       |     6 ||     6
 Abil: Spit Poison       |    15 |    25 |    14 ||    54
Evoke: Wand              |       |       |     9 ||     9
  Use: Potion            |       |       |     1 ||     1
 Stab: Sleeping          |       |     1 |       ||     1
       Paralysed         |       |       |     4 ||     4
Armor: Robe              |     4 |    21 |    20 ||    45
Dodge: Dodged            |    10 |    53 |    34 ||    97

Table legend: (Time is in decaauts)
 A = Elapsed time spent in this place.
 B = Non-inter-level travel time spent in this place.
 C = Inter-level travel time spent in this place.
 D = Time resting spent in this place.
 E = Time spent auto-exploring this place.
 F = Levels seen in this place.
 G = Mean time per level.
                   A        B        C        D        E       F      G
               +--------+--------+--------+--------+--------+-----+--------+
         Total |   5387 |   5188 |    199 |    470 |   3827 |   5 | 1077.4 |
       Dungeon |   5387 |   5188 |    199 |    470 |   3827 |   5 | 1077.4 |
               +--------+--------+--------+--------+--------+-----+--------+

Top non-repeatable levels by time:
     D:2: 1442 daAuts
     D:3: 1204 daAuts
     D:4: 1188 daAuts
     D:1: 1082 daAuts
     D:5: 470 daAuts
